Map: Ruines de Seras

Players

lIIlllllIIll - Winner!

  • Race: Terran Terran
  • League: Silver

Skyrundas

  • Race: Zerg Zerg
  • League: Platinum

VOD

Have the link to the VOD?

Description

Time

  • Played on: Oct. 15, 2015, 12:08 p.m.
  • Length: 8:44
Show
View Real Time Build Order
Export as new Build Order

lIIlllllIIll Terran - Winner!

Build Orders: Hellion Opening 

Get SALT Encoding   

  12  0:01  SCV  
  13  0:14  SCV  
  14  0:20  Supply Depot  
  14  0:26  SCV  
  15  0:29  Refinery  
  15  0:41  SCV  
  16  0:47  Barracks  
  16  0:53  SCV  
  17  1:05  SCV  
  18  1:18  SCV  
  19  1:30  SCV  
  20  1:33  Marine  
  20  1:35  Factory  
  21  1:42  Orbital Command  
  21  1:51  Supply Depot  
  21  2:04  Barracks Reactor  
  21  2:08  SCV  
  22  2:20  Command Center  
  22  2:22  Hellion  
  24  2:24  SCV  
  25  2:36  SCV  
  26  2:41  Supply Depot  
  26  2:48  SCV  
  26  2:50  Barracks Reactor  
  27  2:52  Hellion x2  
  31  3:01  Starport  
  31  3:03  SCV  
  35  3:20  Hellion x2  
  35  3:21  SCV  
  35  3:23  Supply Depot  
  36  3:30  Armory, Marine  
  37  3:53  Supply Depot  
  37  3:55  Hellion x2, Marine  
  41  3:56  Marine  
  41  4:00  Medivac  
  45  4:05  SCV  
  46  4:13  Orbital Command  
  46  4:17  Hellion  
  46  4:22  SCV  
  49  4:34  Widow Mine, Marine x2  
  53  4:41  SCV  
  53  4:42  SCV  
  55  4:48  Hellion, Medivac  
  55  4:51  Supply Depot, Marine  
  60  5:07  Marine  
  60  5:09  Marine  
  56  5:23  Hellion  
  42  5:56  Marine x2  
  45  5:57  Hellion x2  
  45  5:58  Medivac  
  49  6:04  Barracks  
  49  6:05  Barracks  
  49  6:08  Barracks x2  
  47  6:14  Marine x2  
  47  6:15  SCV x2  
  53  6:18  Hellion  
  53  6:19  Hellion  
  55  6:26  Supply Depot  
  55  6:28  Medivac  
  55  6:29  Supply Depot  
  57  6:37  Marine  
  57  6:38  Marine  
  59  6:43  Hellion  
  59  6:44  Hellion  
  59  6:46  SCV  
  59  6:47  SCV  
  65  6:55  Marine  
  65  6:58  SCV  
  65  6:59  SCV, Bunker  
  68  7:02  Barracks Tech Lab, Marine x4  
  68  7:04  Medivac  
  74  7:11  SCV x2  
  74  7:13  Marine  
  74  7:15  Supply Depot  
  77  7:19  Marine  
  77  7:20  Marine  
  77  7:21  Supply Depot  
  79  7:23  SCV x2  
  79  7:27  Marauder, Marine x2  
  85  7:31  Marine  
  85  7:35  SCV  
  87  7:37  Marine  
  88  7:49  Marauder  
  90  7:56  Marine  
  90  7:57  Marine x4  
  95  7:59  Hellion  
  95  8:00  Hellion, Medivac  
  101  8:06  Command Center  
  101  8:10  Marauder  
  101  8:11  Refinery x2, Engineering Bay  
  101  8:12  Engineering Bay  
  103  8:14  Marine x2  
Show
View Real Time Build Order
Export as new Build Order

Skyrundas Zerg 

Build Orders: Hatch First, Muta Ling Bane 

Get SALT Encoding   

  12  0:00  Drone  
  13  0:12  Overlord  
  13  0:18  Drone  
  14  0:31  Drone x2  
  16  0:36  Drone  
  17  0:55  Hatchery  
  16  0:59  Drone  
  16  1:00  Extractor  
  16  1:15  Spawning Pool  
  16  1:17  Drone  
  16  1:20  Drone  
  16  1:25  Drone  
  18  1:37  Overlord  
  19  1:40  Drone  
  19  1:52  Drone  
  19  2:03  Drone  
  19  2:06  Queen  
  22  2:09  Metabolic Boost  
  22  2:14  Queen  
  24  2:18  Drone  
  25  2:23  Drone  
  25  2:25  Drone  
  25  2:28  Drone  
  28  2:31  Drone  
  29  2:42  Roach Warren  
  28  2:52  Overlord  
  28  2:53  Drone x2  
  28  2:56  Zergling x2  
  31  3:00  Drone  
  31  3:01  Drone  
  33  3:09  Lair  
  33  3:11  Drone  
  34  3:16  Drone  
  34  3:17  Drone  
  36  3:20  Zergling x4  
  38  3:27  Drone x3  
  38  3:33  Drone x2, Extractor  
  41  3:52  Zergling x6  
  41  3:55  Overlord  
  44  3:57  Baneling Nest, Extractor  
  44  3:58  Extractor  
  41  4:03  Roach  
  41  4:06  Overlord  
  43  4:10  Glial Reconstitution  
  43  4:16  Hatchery  
  42  4:22  Drone  
  42  4:23  Drone x3  
  46  4:25  Roach x2  
  46  4:28  Drone  
  50  4:31  Drone  
  51  4:43  Roach x4  
  51  4:45  Baneling x2  
  59  4:47  Zergling x2  
  59  4:50  Overlord  
  60  5:07  Spire  
  55  5:18  Roach x2  
  55  5:20  Roach  
  55  5:21  Roach x4  
  64  5:24  Roach  
  62  5:29  Roach  
  62  5:33  Zergling x4  
  60  5:37  Zergling x6  
  60  5:42  Roach  
  56  5:50  Overseer  
  56  5:57  Spore Crawler  
  56  5:59  Drone x2  
  56  6:03  Drone x3  
  60  6:11  Queen  
  60  6:13  Drone x2  
  60  6:16  Drone  
  65  6:18  Mutalisk  
  65  6:24  Drone x2  
  69  6:29  Spore Crawler  
  69  6:31  Zerg Flyer Weapons Level 1  
  68  6:34  Drone x3  
  68  6:37  Drone  
  72  6:46  Mutalisk  
  72  6:53  Overlord x2  
  73  7:02  Overlord  
  73  7:05  Extractor  
  73  7:06  Centrifical Hooks  
  73  7:07  Overlord  
  73  7:08  Evolution Chamber, Queen  
  72  7:10  Evolution Chamber  
  72  7:11  Pneumatized Carapace  
  72  7:12  Mutalisk  
  74  7:17  Zergling x2  
  74  7:18  Zergling x4  
  74  7:21  Mutalisk  
  79  7:24  Overlord  
  79  7:26  Drone  
  79  7:29  Mutalisk  
  82  7:32  Drone  
  82  7:33  Drone  
  84  7:40  Drone x2  
  86  7:48  Drone x2  
  86  7:50  Drone  
  89  7:53  Drone x2  
  89  7:55  Drone  
  89  7:57  Drone  
  93  7:59  Drone  
  93  8:00  Drone  
  93  8:04  Mutalisk, Extractor  
  96  8:08  Mutalisk  
  98  8:16  Mutalisk x2  
  98  8:18  Mutalisk  
  93  8:25  Roach  
  86  8:27  Zergling x8  
Tags
 
Add a new tag
Caveats
  • Supply blocks, unpowered buildings, or Contaminate may cause inaccurate times.
  • Supply counts are checked every 10 seconds.